 Dungeon Crawl Stone Soup version 0.28.0-47-ge53b351184 (webtiles) character file.

Game seed: 12738100525196015480

48 bobregger the Cudgeller (level 3, -2/58 HPs)
             Began as an Ogre Berserker on May 4, 2022.
             Was a Follower of Trog.
             Slain by a gnoll
             ... wielding a +0 halberd
              (5 damage)
             ... on level 2 of the Dungeon.
             The game lasted 00:01:04 (1626 turns).

bobregger the Cudgeller (Ogre Berserker)            Turns: 1626, Time: 00:01:04

Health: -2/58      AC: 21    Str: 21    XL:     3   Next: 72%
Magic:  3/3        EV:  1    Int:  8    God:    Trog [*.....]
Gold:   47         SH:  0    Dex: 10    Spells: 2/2 levels left

rFire   . . .      SeeInvis .   a - +0 mace
rCold   . . .      Faith    .   (no shield)
rNeg    . . .      Spirit   .   (armour currently unavailable)
rPois   +          Reflect  .   (helmet currently unavailable)
rElec   .          Harm     .   (cloak currently unavailable)
rCorr   .          Rampage  .   (gloves unavailable)
Will    .....      NoTele   +   (boots unavailable)
Stlth   +.........              (no amulet)
HPRegen 0.19/turn               (no ring)
MPRegen 0.08/turn               (no ring)

@: tree-form, on berserk cooldown, slowed, very slow
A: stationary, stasis, torment immunity, boosted hp, large, unfitting armour,
(tough skin 1)
a: Renounce Religion, Berserk


You were on level 2 of the Dungeon.
You worshipped Trog.
Trog was aware of your devotion.
You were a tree.
You visited 1 branch of the dungeon, and saw 2 of its levels.

You collected 47 gold pieces.

Inventory:

Hand Weapons
 a - a +0 mace (weapon)
Armour
 b - a +0 animal skin (melded)
Jewellery
 f - an amulet of reflection
Scrolls
 c - a scroll of amnesia {unknown}
 h - a scroll of fog {unknown}
 j - a scroll of noise {unknown}
 k - a scroll of magic mapping {unknown}
Potions
 e - a potion of ambrosia {unknown}
 g - 2 potions of curing {unknown}
 i - a potion of haste {unknown}


   Skills:
 - Level 4.0 Fighting
 + Level 4.1 Maces & Flails
 - Level 2.6 Dodging


You had 2 spell levels left.
You didn't know any spells.
Your spell library was empty.

Dungeon Overview and Level Annotations

Branches:
Dungeon (2/15)

Altars:


Innate Abilities, Weirdness & Mutations

You are a tree.
Your roots penetrate the ground, keeping you stationary.
You cannot be teleported.
You are immune to unholy pain and torment.
Your maximum health is greatly increased.
Your equipment is partially melded.
You are too large for most types of armour.
((You have tough skin. (AC +1)))


Message History

You kill the gnoll!
Trog accepts your kill.
Your Maces & Flails skill increases to level 4!
The gnoll hits you with a +0 spear.
Things that are here:
a +0 whip; a gnoll corpse You feel a strong urge to attack something.
The gnoll barely misses you. x2
You barely miss the gnoll. The gnoll barely misses you.
The gnoll hits you with a +0 spear.
You thump the gnoll!
The gnoll is almost dead.
You hit the gnoll.
The gnoll is almost dead.
The gnoll hits you with a +0 spear. The gnoll closely misses you.
You barely miss the gnoll.
The gnoll is almost dead.
The gnoll hits you with a +0 halberd! The gnoll hits you with a +0 spear.
You closely miss the gnoll.
The gnoll is almost dead.
You are no longer berserk.
You are exhausted.
You feel yourself slow down. The gnoll hits you with a +0 spear.
* * * LOW HITPOINT WARNING * * *
The gnoll hits you with a +0 halberd.
* * * LOW HITPOINT WARNING * * *
It was a potion of lignification.
You turn into a tree.
Your +0 animal skin melds into your body.
Your roots penetrate the ground.
The gnoll hits you but does no damage. x2
The gnoll completely misses you. The gnoll hits you but does no damage.
You hit the gnoll.
You kill the gnoll!
Trog accepts your kill. The gnoll hits you but does no damage.
You closely miss the gnoll. The gnoll hits you but does no damage.
The gnoll hits you with a +0 halberd.
* * * LOW HITPOINT WARNING * * *
You hit the gnoll but do no damage. The gnoll hits you but does no damage.
The gnoll hits you with a +0 halberd.
You die...

#### ##... ##..[.
##########.....
####..............
#....#######......
#.#### #.......
##)## ##......
#.♣)## ##.####
#..#g.# #.# #
#.###.# #.# # #.
#..# #+# ##..g##
#....... #.###.#.g
# .. ... #.? .g..


You could see a gnoll.

Vanquished Creatures
  2 gnolls (D:2)
  4 endoplasms
  3 hobgoblins
  4 jackals (D:1)
  A kobold (D:2)
  2 quokkas (D:1)
  2 frilled lizards
  5 goblins (D:1)
  A rat (D:1)
24 creatures vanquished.

Notes
Turn   | Place    | Note
-------+----------+-------------------------------------------
     0 | D:1      | bobregger the Ogre Berserker began the quest for the Orb.
     0 | D:1      | Reached XP level 1. HP: 24/24 MP: 1/1
   420 | D:1      | Reached XP level 2. HP: 26/32 MP: 2/2
   496 | D:1      | Found a faded altar of an unknown god.
  1400 | D:2      | Reached XP level 3. HP: 39/39 MP: 3/3
  1625 | D:2      | HP: 2/58 [gnoll/+0 halberd (4)]
  1626 | D:2      | Slain by a gnoll

Illustrated notes

Levels and vault maps discovered:
D:1:      roderic_octagonal_star, layout_basic, ebering_ecumenical_altar_webs
D:2:      layout_loops_corners, basic_altar, corexii_shack,
          minmay_split_cup_large, uniq_crazy_yiuf_cottage

Skill      XL: |  1  2  3 |
---------------+----------+-----
Maces & Flails | 3 4 |  4.1
Fighting       | |  4.0
Dodging        | |  2.6

Action                   || total
-------------------------++-------
Melee: Mace              ||    87
Invok: Berserk           ||     1
  Use: Potion            ||     1
Armor: Animal skin       ||    18
       Skin              ||     6
Dodge: Dodged            ||    47
